 Dungeon Crawl Stone Soup version 0.18-a0-998-gcb3fcb1 (webtiles) character file.

100 M4edhros the Sneak (level 4, -7/28 HPs)
             Began as an Octopode Artificer on Jan 5, 2016.
             Killed from afar by Dowan (14 damage)
             ... with a puff of flame
             ... on level 4 of the Dungeon.
             The game lasted 00:01:17 (1237 turns).

M4edhros the Sneak (Octopode Artificer)             Turns: 1237, Time: 00:01:18

Health: -7/28      AC:  1    Str: 15    XL:     4   Next: 74%
Magic:  6/6        EV: 13    Int: 20    God:
Gold:   70         SH:  0    Dex: 12    Spells: 0 memorised, 3 levels left

rFire  . . .     SeeInvis .     h - +2 whip (venom)
rCold  . . .     Gourm    .     (no shield)
rNeg   . . .     Faith    .     (helmet restricted)
rPois  .         Spirit   .     (no amulet)
rElec  .         Dismiss  .     (no ring)
rCorr  .         Reflect  .     (no ring)
SustAt .         Harm     .     (no ring)
MR     .....                    (no ring)
Stlth  ++++......               (no ring)
                                (no ring)
                                (no ring)
                                (no ring)

@: mighty, brilliant, lethally poisoned (-7 -> -13), not resistant to hostile
enchantments, stealthy
A: almost no armour, amphibious, 8 rings, constrict 8, camouflage 1, gelatinous
body 1
a: no special abilities


You were on level 4 of the Dungeon.
You were not hungry.

You visited 1 branch of the dungeon, and saw 4 of its levels.

You collected 70 gold pieces.

Inventory:

Hand Weapons
 a - a +0 short sword
 h - a +2 whip of venom (weapon)
Jewellery
 j - a cursed amulet of inaccuracy {unknown}
Wands
 b - a wand of flame (12/48)
 c - a wand of enslavement (13/24)
 d - a wand of random effects (15/48)
 k - a wand of digging (7/24)
Scrolls
 e - a scroll of identify {unknown}
 i - 3 scrolls of remove curse {unknown}
Potions
 m - a potion of might
Comestibles
 f - a bread ration
 g - 2 meat rations
 l - a chunk of flesh


   Skills:
 - Level 1.0 Fighting
 - Level 1.0 Short Blades
 * Level 3.5 Dodging
 * Level 4.1 Stealth
 + Level 3.7 Evocations


You had 3 spell levels left.
You didn't know any spells.

Dungeon Overview and Level Annotations

Branches:
Dungeon (4/15)
 Temple: D:4-7

Altars:

Annotations:
D:4 Dowan, Duvessa


Innate Abilities, Weirdness & Mutations

You cannot wear most types of armour.
You are amphibious.
You can wear up to eight rings at the same time.
You can use your tentacles to constrict eight enemies at once.
Your skin changes colour to match your surroundings (Stealth).
Your rubbery body absorbs attacks (AC +1).


Message History

You constrict Dowan.
You feel sick. Dowan barely misses you.
You closely miss Duvessa. You grab Duvessa.
Duvessa is moderately wounded.
You constrict Duvessa. You constrict Dowan.
Dowan hits you with an enchanted dagger.
* * * LOW HITPOINT WARNING * * *
Duvessa gestures with her weapon.
Duvessa closely misses you.
Drink which item? (? for menu, Esc to quit)
It was a potion of brilliance.
You feel clever all of a sudden.
You constrict Duvessa. You constrict Dowan.
You feel sick. Dowan closely misses you. Duvessa closely misses you.
You whack Duvessa!
Duvessa looks even sicker.
Duvessa is severely wounded.
You constrict Duvessa. You constrict Dowan. Dowan casts a spell at you.
The puff of flame hits you!
Ouch! That really hurt!
You die...

.# #. .# #.#
.. ##.#
#..#####
#@#....###
##ee......#
#..........
#..........
#...........
#............
#.............
#.............
#....<........


You could see Duvessa and Dowan.

Vanquished Creatures
  A jelly (D:3)
  Jessica (D:3)
  2 adders
  A worm (D:2)
  A giant gecko (D:3)
  2 giant cockroaches (D:1)
  6 hobgoblins
  4 kobolds
  A quokka (D:2)
  4 rats
23 creatures vanquished.

Vanquished Creatures (collateral kills)
  A giant newt (D:2)
1 creature vanquished.

Vanquished Creatures (others)
  A worker ant (D:4)
1 creature vanquished.

Grand Total: 25 creatures vanquished

Notes
Turn   | Place    | Note
--------------------------------------------------------------
     0 | D:1      | M4edhros the Octopode Artificer began the quest for the Orb.
     0 | D:1      | Reached XP level 1. HP: 13/13 MP: 3/3
   419 | D:1      | Reached XP level 2. HP: 18/18 MP: 4/4
   829 | D:2      | Reached XP level 3. HP: 14/23 MP: 5/5
  1136 | D:3      | Reached XP level 4. HP: 28/28 MP: 6/6
  1151 | D:3      | Noticed Jessica
  1155 | D:3      | Killed Jessica
  1155 | D:3      | Reached skill level 4 in Stealth
  1226 | D:4      | Noticed Duvessa
  1226 | D:4      | Noticed Dowan
  1237 | D:4      | Killed from afar by Dowan

Vault maps used:
D:1:      minmay_arrival_solitary_statue
D:3:      ecumenical_altar_2, uniq_jessica
D:4:      grunt_temple_overflow_open, minmay_joined_circles, uniq_duvessa,
          uniq_grinder, uniq_natasha

Action                   |  1- 3 |  4- 6 || total
-------------------------+-------+-------++-------
Melee: Short sword       |     6 |       ||     6
       Whip              |    23 |    11 ||    34
Evoke: Wand              |     3 |     2 ||     5
  Use: Potion            |       |     2 ||     2
 Stab: Sleeping          |     2 |     3 ||     5
  Eat: Chunk             |       |     1 ||     1
